 Dungeon Crawl Stone Soup version 0.22.1 (webtiles) character file.

73 PaladinM the Slasher (level 4, 0/33 HPs)
             Began as a Human Warper on Sept 17, 2018.
             Slain by a wyvern zombie (13 damage)
             ... on level 2 of the Dungeon.
             The game lasted 00:02:30 (1060 turns).

PaladinM the Slasher (Human Warper)                 Turns: 1060, Time: 00:02:31

Health: 0/33       AC:  3    Str: 12    XL:     4   Next: 51%
Magic:  7/7        EV: 12    Int: 13    God:
Gold:   38         SH:  0    Dex: 13    Spells: 7/7 levels left

rFire    . . .     SeeInvis .   a - +0 falchion
rCold    . . .     Gourm    .   (no shield)
rNeg     . . .     Faith    .   b - +0 leather armour
rPois    .         Spirit   .   (no helmet)
rElec    .         Reflect  .   (no cloak)
rCorr    .         Harm     .   (no gloves)
MR       .....                  (no boots)
Stlth    +.........             (no amulet)
HPRegen  0.11/turn              (no ring)
MPRegen  0.10/turn              (no ring)

@: no status effects
A: no striking features
a: no special abilities


You were on level 2 of the Dungeon.
You were hungry.

You visited 1 branch of the dungeon, and saw 2 of its levels.

You collected 38 gold pieces.

Inventory:

Hand Weapons
 a - a +0 falchion (weapon)
Missiles
 e - 5 tomahawks of dispersal (quivered)
Armour
 b - a +0 leather armour (worn)
Scrolls
 c - a scroll of remove curse {unknown}
 d - a scroll of blinking
 g - a scroll of random uselessness {unknown}
Potions
 h - a potion of curing {unknown}
Comestibles
 f - 3 rations


   Skills:
 - Level 2.0 Fighting
 + Level 4.4 Long Blades
 - Level 1.0 Throwing
 - Level 1.0 Armour
 - Level 2.0 Dodging
 - Level 2.0 Spellcasting
   Level 3.0 Translocations


You had 7 spell levels left.
You didn't know any spells.
Your spell library contained the following spells:

 Spells                   Type           Power        Failure   Level  Hunger
 Blink                    Tloc           N/A          14%         2    ###....
 Shroud of Golubria       Chrm/Tloc      #.........   26%         2    ###....
 Gell's Gravitas          Tloc           #.........   28%         3    ####...
 Lesser Beckoning         Tloc           #.........   28%         3    ####...
 Teleport Other           Tloc           #.......     28%         3    ####...
 Passage of Golubria      Tloc           N/A          67%         4    #####..


Dungeon Overview and Level Annotations

Branches:
Dungeon (2/15)

Altars:
Ashenzari

Annotations:
D:2 Sigmund


Message History

The kobold hits you with a short sword.
You miss the kobold.
The kobold is moderately wounded.
The wyvern zombie closely misses you. The kobold hits you but does no damage.
The wyvern zombie barely misses you.
You riposte.
You barely miss the wyvern zombie. You closely miss the kobold.
The kobold is moderately wounded.
The kobold closely misses you. The wyvern zombie barely misses you.
You hit the kobold.
The kobold is severely wounded.
The wyvern zombie bites you. The kobold closely misses you.
The wyvern zombie bites you.
You closely miss the kobold.
The kobold is severely wounded.
The kobold barely misses you.
You riposte.
You hit the kobold.
You kill the kobold!
The wyvern zombie closely misses you.
You barely miss the wyvern zombie. The wyvern zombie bites you! x2
You die...

.#####..#######
#..#######
#......... ..#
##.#######
.....###.#
.........#
####.###.##
#$##...#
#.Z@...#
#.)#...#
#..##### #..
#.. #.. #.. #..


You could see a wyvern zombie.

Vanquished Creatures
  Terence (D:2)
  2 oozes (D:1)
  4 dart slugs (D:1)
  A giant cockroach (D:2)
  6 goblins
  3 hobgoblins (D:1)
  5 kobolds
  6 bats (D:1)
  3 frilled lizards (D:1)
  2 rats (D:1)
33 creatures vanquished.

Notes
Turn   | Place    | Note
-------+----------+-------------------------------------------
     0 | D:1      | PaladinM the Human Warper began the quest for the Orb.
     0 | D:1      | Reached XP level 1. HP: 16/16 MP: 3/3
    99 | D:1      | Reached XP level 2. HP: 20/22 MP: 5/5
   134 | D:1      | Reached skill level 3 in Long Blades
   252 | D:1      | Found a shattered altar of Ashenzari.
   256 | D:1      | Reached XP level 3. HP: 26/27 MP: 6/6
   668 | D:2      | Noticed Terence
   706 | D:2      | Killed Terence
   706 | D:2      | Reached skill level 4 in Long Blades
   706 | D:2      | Reached XP level 4. HP: 13/33 MP: 7/7
   969 | D:2      | Noticed Sigmund
  1060 | D:2      | Slain by a wyvern zombie

Skill      XL: |  1  2  3 |
---------------+----------+-----
Long Blades    | 3 4 |  4.4
Fighting       | |  2.0
Throwing       | |  1.0
Armour         | |  1.0
Dodging        | |  2.0
Spellcasting   | |  2.0
Translocations | |  3.0

Action                   |  1- 3 |  4- 6 || total
-------------------------+-------+-------++-------
Melee: Falchion          |    89 |    26 ||   115
 Stab: Sleeping          |     1 |       ||     1
Armor: Leather armour    |    26 |     6 ||    32
Dodge: Dodged            |    70 |    17 ||    87
       Rpst.: Falchion   |    26 |     7 ||    33
